 Dungeon Crawl Stone Soup version 0.25.0-26-g0c896c7088 (webtiles) character file.

Game seed: 1822644828934091171

74598 Delamore the Bludgeoner (level 15, -2/101 HPs)
             Began as a Gargoyle Fighter on July 5, 2020.
             Was the Champion of Okawaru.
             Slain by an enormous slime creature (60 damage)
             ... on level 13 of the Dungeon.
             The game lasted 00:42:19 (27087 turns).

Delamore the Bludgeoner (Gargoyle Fighter)         Turns: 27087, Time: 00:42:19

Health: -2/101     AC: 32    Str: 25    XL:     15   Next: 47%
Magic:  16/16      EV:  8    Int: 19    God:    Okawaru [******]
Gold:   595        SH: 15    Dex: 16    Spells: 9/16 levels left

rFire    + . .     SeeInvis .   x - +10 demon whip "Uthop" {freeze, Fragile MR+ Dex+7}
rCold    + + .     Gourm    .   E - +2 buckler
rNeg     + . .     Faith    .   D - +3 chain mail of the Playwright {rF- MR+++ Int+6}
rPois    ∞         Spirit   .   W - +2 hat {Int+3}
rElec    +         Reflect  +   q - scarf {rC+ rF+}
rCorr    .         Harm     .   k - +0 pair of gloves
MR       +++++                  O - +2 pair of boots {Stlth+}
Stlth    ..........             Q - amulet of reflection
HPRegen  0.26/turn              C - ring of Omustrum {Wiz rC+}
MPRegen  0.15/turn              S - ring of protection from fire

@: flying
A: big wings, negative energy resistance 1, electricity resistance, unbreathing,
petrification resistance, rot immunity, AC +11
a: Stop Flying, Heroism, Finesse, Renounce Religion


You were on level 13 of the Dungeon.
You worshipped Okawaru.
Okawaru was exalted by your worship.
You were hungry.

You visited 4 branches of the dungeon, and saw 24 of its levels.
You visited 1 bazaar.
You also visited: Sewer, Ossuary and Volcano.

You collected 2503 gold pieces.
You spent 1908 gold pieces at shops.

Inventory:

Hand Weapons
 x - the +10 demon whip "Uthop" (weapon) {freeze, Fragile MR+ Dex+7}
   (You acquired it on level 5 of the Lair of Beasts)

   It has been specially enchanted to freeze those struck by it, causing extra
   injury to most foes and up to half again as much damage against particularly
   susceptible opponents.
   It can also slow down cold-blooded creatures.
   It affects your dexterity (+7).
   It affects your resistance to hostile enchantments.
   It will be destroyed if unequipped.
Missiles
 h - 36 poisoned darts
 t - an atropa-tipped dart (quivered)
 K - 3 throwing nets
 Y - 3 curare-tipped darts
Armour
 k - a +0 pair of gloves (worn)
 m - the +1 pair of boots of Mat Xyrph {Stlth+}
   (You bought it in a shop in a bazaar)

   It makes you more stealthy.
 q - a scarf of resistance (worn)
 D - the +3 chain mail of the Playwright (worn) {rF- MR+++ Int+6}
   (You bought it in a shop in a bazaar)

   It affects your intelligence (+6).
   It makes you vulnerable to fire.
   It affects your resistance to hostile enchantments.
 E - a +2 buckler (worn)
 O - a +2 pair of boots of stealth (worn)
 W - a +2 hat of intelligence (worn)
Jewellery
 s - an uncursed ring of resist corrosion
 C - the ring of Omustrum (left hand) {Wiz rC+}
   (You bought it in a shop on level 2 of the Orcish Mines)

   [ring of wizardry]

   It improves your spell success rate.
   It protects you from cold.
 Q - an amulet of reflection (around neck)
 S - a ring of protection from fire (right hand)
Wands
 a - a wand of enslavement (4)
 F - a wand of digging (11)
 G - a wand of clouds (9)
 J - a wand of paralysis (9)
 P - a wand of flame (27)
 R - a wand of disintegration (16)
 T - a wand of iceblast (7)
Scrolls
 c - a scroll of amnesia
 g - 13 scrolls of teleportation
 i - 5 scrolls of blinking
 j - a scroll of silence
 l - 14 scrolls of remove curse
 o - 8 scrolls of fear
 r - 2 scrolls of immolation
 v - 3 scrolls of enchant weapon
 y - 2 scrolls of magic mapping
 z - 7 scrolls of fog
 I - 2 scrolls of summoning
 M - a scroll of identify
 U - a scroll of noise
 Z - 2 scrolls of enchant armour
Potions
 b - a potion of stabbing
 d - 6 potions of might
 e - 11 potions of magic
 n - 2 potions of mutation
 u - 6 potions of heal wounds
 w - 3 potions of resistance
 A - 4 potions of cancellation
 B - 4 potions of curing
 H - 3 potions of haste
 L - a potion of brilliance
 N - 4 potions of berserk rage
Miscellaneous
 p - a lightning rod (4/4)
Comestibles
 f - 36 rations


   Skills:
 - Level 14.5 Fighting
 - Level 18.1 Maces & Flails
 - Level 10.5 Armour
 + Level 14.8 Shields
 + Level 1.1 Spellcasting
 + Level 1.4 Invocations


You had 9 spell levels left.
You knew the following spells:

 Your Spells              Type           Power        Failure   Level  Hunger
a - Blink                 Tloc           N/A          45%         2    ###....
b - Lesser Beckoning      Tloc           #.........   69%         3    ####...
c - Song of Slaying       Chrm           #.......     45%         2    ###....

Your spell library contained the following spells:

 Spells                   Type           Power        Failure   Level  Hunger
 Animate Skeleton         Necr           N/A          32%         1    ##.....
 Apportation              Tloc           #.....       32%         1    ##.....
 Beastly Appendage        Tmut           #.....       32%         1    ##.....
 Foxfire                  Conj/Fire      #...         32%         1    ##.....
 Freeze                   Ice            #...         32%         1    ##.....
 Infusion                 Chrm           #...         32%         1    ##.....
 Pain                     Necr           #...         32%         1    ##.....
 Summon Butterflies       Summ           #.......     32%         1    ##.....
 Shroud of Golubria       Chrm/Tloc      #.....       45%         2    ###....
 Sticks to Snakes         Tmut           #.......     45%         2    ###....
 Conjure Flame            Conj/Fire      #.......     69%         3    ####...
 Frozen Ramparts          Ice            #.....       69%         3    ####...
 Gell's Gravitas          Tloc           #.........   69%         3    ####...
 Inner Flame              Hex/Fire       #.......     69%         3    ####...
 Ozocubu's Armour         Chrm/Ice       #.......     69%         3    ####...
 Spectral Weapon          Hex/Chrm       #.......     69%         3    ####...
 Spider Form              Tmut/Pois      #.........   69%         3    ####...
 Teleport Other           Tloc           #.......     69%         3    ####...
 Tukima's Dance           Hex            #.......     69%         3    ####...
 Vampiric Draining        Necr           #.........   69%         3    ####...
 Animate Dead             Necr           N/A          96%         4    #####..
 Cause Fear               Hex            #.........   96%         4    #####..
 Hailstorm                Conj/Ice       #.......     96%         4    #####..
 Ice Form                 Ice/Tmut       #.......     96%         4    #####..
 Passage of Golubria      Tloc           N/A          96%         4    #####..
 Sticky Flame             Conj/Fire      #.......     96%         4    #####..
 Summon Ice Beast         Ice/Summ       #.......     96%         4    #####..
 Agony                    Necr           #.......     100%        5    ######.
 Alistair's Intoxication  Tmut/Pois      #.......     100%        5    ######.
 Blade Hands              Tmut           #.........   100%        5    ######.
 Fireball                 Conj/Fire      #.........   100%        5    ######.
 Silence                  Hex/Air        #.........   100%        5    ######.
 Yara's Violent Unravell  Hex/Tmut       #.........   100%        5    ######.
 Invisibility             Hex            #.......     100%        6    #######
 Discord                  Hex            #.........   100%        8    #######


Dungeon Overview and Level Annotations

Branches:
Dungeon (15/15)            Temple (1/1) D:7            Lair (6/6) D:9
 Shoals (0/4) Lair:4       Spider (0/4) Lair:3        Slime (0/5) Lair:6
    Orc (2/2) D:11            Elf (0/3) Orc:2        Vaults (0/5) D:14
 Depths (0/5) D:15          Sewer (visited)         Ossuary (visited)
Volcano (visited)

Altars:
Ashenzari
Cheibriados
Dithmenos
Elyvilon
Fedhas
Gozag
Hepliaklqana
Kikubaaqudgha
Makhleb
Nemelex Xobeh
Okawaru
Qazlal
Ru
Sif Muna
Trog
Uskayaw
Vehumet
Wu Jian
Xom
Yredelemnul
Zin
The Shining One
Beogh

Shops:
Orc:2 *(((

Annotations:
D:4 2 runed translucent doors, Mryle's ghost, novice GnWn
Lair:6 exclusion: 4 oklob plants


Innate Abilities, Weirdness & Mutations

You are resistant to torment.
Your stone body is resilient. (AC +11)
You are immune to poison.
Your large and strong wings let you fly indefinitely.
You resist negative energy. (rN+)
You are resistant to electric shocks. (rElec)
You can survive without breathing.
You are immune to petrification.
You are immune to rotting.


Message History

You freeze the enormous slime creature.
The enormous slime creature is heavily wounded.
You thrash the enormous slime creature!!
You freeze the enormous slime creature.
The enormous slime creature is severely wounded.
The enormous slime creature hits you!!!
You thrash the enormous slime creature!!
You freeze the enormous slime creature!
The enormous slime creature is severely wounded.
You barely miss the enormous slime creature.
The enormous slime creature is severely wounded.
The enormous slime creature hits you but does no damage.
You hit the enormous slime creature. You freeze the enormous slime creature.
The enormous slime creature is severely wounded.
You thrash the enormous slime creature!!
You freeze the enormous slime creature.
The enormous slime creature is almost dead.
The enormous slime creature hits you!!!
Ouch! That really hurt!
You die...

*,*,,* *** *,,,,*
**,,,*******
*******,,,,,,**,*
,,,,,,*,,###,*,,*
*****,,,,....*,**
****,,#...,*
***,.#....##########****
*
*,,,......J@>.......,,,*
*
**,*,.###..##########*,,*
** **,,*,,,,#.,,* *,,*
,***,,**,***#,,,* ****
,,,,,,**,* **,,**
,,,,,,**,* *,,,*
,,,,,,,*,*** *,,,*
,,,,,,,,,,,***,,,**
,,,,,,,,,,,,***,,,***


You could see an enormous slime creature.

Vanquished Creatures
  Rupert (Lair:5)
  Gastronok (Lair:1)
  Kirke (Lair:5)
  A stone giant (D:11)
  A dire elephant (Lair:6)
  Fannar (Lair:2)
  Erolcha (D:12)
  The ghost of DocSulfur the Destroyer, a journeyman DECj of Vehumet (Lair:2)
  7 hydras
  A vault guard (D:14)
  A merfolk avatar (Lair:6)
  2 centaur warriors
  4 two-headed ogres
  6 death yaks
  Nergalle (Lair:1)
  2 skeletal warriors (Volcano)
  2 sea snakes (Lair:6)
  3 orc knights
  An anaconda skeleton (Volcano)
  Pikel (D:6)
  An orc sorcerer (D:15)
  2 deep elf magi
  A manticore (Lair:6)
  A manticore (shapeshifter) (D:15)
  A cyclops (D:12)
  8 elephants
  8 black mambas
  3 gargoyles (Volcano)
  14 komodo dragons
  2 yaktaurs
  5 rime drakes (Lair:6)
  10 spiny frogs
  2 tengu conjurers (D:15)
  A queen bee (Lair:2)
  9 trolls
  3 polar bears
  A wind drake (Lair:6)
  9 blink frogs
  A hornet (Lair:6)
  A snapping turtle (Lair:4)
  10 hippogriffs
  A harpy skeleton (Volcano)
  A slime creature (D:13)
  5 dream sheep (Lair:3)
  3 flying skulls (Volcano)
  3 wyverns
  A centaur simulacrum (D:14)
  15 yaks
  An alligator skeleton (Volcano)
  A shadow (D:14)
  A vampire (D:10)
  A wraith (D:10)
  A hog (Lair:5)
  A basilisk (D:14)
  2 hungry ghosts
  A steam dragon (D:8)
  4 wargs
  Menkaure (D:6)
  An acid dragon (D:14)
  A soldier ant (D:14)
  A two-headed ogre zombie (D:11)
  12 porcupines
  Duvessa (D:7)
  37 orc warriors
  7 water moccasins
  A hornet zombie (D:12)
  A sky beast (D:10)
  2 black bears
  A boggart (D:14)
  9 centaurs
  2 ice beasts
  A necrophage (D:5)
  15 ogres
  3 phantoms
  10 wolves
  12 crocodiles
  16 bullfrogs
  A big kobold (D:10)
  2 gnoll sergeants
  3 wyvern zombies
  A water moccasin zombie (D:8)
  3 scorpions
  Dowan (D:7)
  2 troll zombies (D:11)
  19 killer bees (Lair:2)
  A spriggan skeleton (Volcano)
  9 wights
  A howler monkey (D:9)
  2 centaur zombies
  A bullfrog zombie (D:12)
  5 crimson imps
  8 hounds
  A bullfrog skeleton (D:6)
  2 centaur skeletons
  10 orc priests
  3 jellies
  27 orc wizards
  An iguana (D:4)
  Natasha (thrice) (D:2)
  6 worker ants
  3 big kobold zombies (Ossuary)
  5 ogre zombies (D:11)
  A naga skeleton (Volcano)
  A hound zombie (D:2)
  A hound skeleton (D:5)
  3 mummies
  11 gnolls
  12 adders
  11 river rats
  2 shadow imps
  2 oozes
  4 adder skeletons
  2 adder zombies
  5 worms
  3 dart slugs
  5 leopard geckos
  90 orcs
  17 ball pythons
  4 giant cockroaches
  9 goblins
  3 hobgoblins
  7 jackals
  4 quokkas
  9 bats
  5 frilled lizards
  2 goblin skeletons
  4 goblin zombies (D:11)
  A hobgoblin skeleton (D:11)
  8 hobgoblin zombies
  2 jackal zombies (Ossuary)
  13 kobolds
  11 kobold zombies (Ossuary)
  2 orc skeletons (D:11)
  23 orc zombies
  23 rats
  4 rat zombies (Ossuary)
732 creatures vanquished.

Vanquished Creatures (others)
  A black bear (D:7)
  An orc (D:5)
  7 fungi
  6 plants
15 creatures vanquished.

Grand Total: 747 creatures vanquished

Notes
Turn   | Place    | Note
-------+----------+-------------------------------------------
     0 | D:1      | Delamore the Gargoyle Fighter began the quest for the Orb.
     0 | D:1      | Reached XP level 1. HP: 14/14 MP: 1/1
   168 | D:1      | Reached XP level 2. HP: 19/19 MP: 2/2
   993 | D:1      | Reached XP level 3. HP: 24/24 MP: 3/3
  1193 | D:2      | Noticed Natasha
  1243 | D:2      | Killed Natasha
  1243 | D:2      | Reached skill level 3 in Maces & Flails
  1561 | D:2      | Reached XP level 4. HP: 30/30 MP: 4/4
  2112 | D:2      | Noticed Natasha
  2124 | D:2      | Killed Natasha
  2300 | D:2      | Noticed Natasha
  2311 | D:2      | Killed Natasha
  2311 | D:2      | Reached skill level 5 in Fighting
  2311 | D:2      | Reached XP level 5. HP: 15/35 MP: 5/5
  2567 | D:2      | Found a shimmering blue altar of Sif Muna.
  2628 | D:2      | Reached skill level 4 in Maces & Flails
  3024 | D:3      | Found a sacrificial altar of Ru.
  3335 | D:3      | Reached XP level 6. HP: 35/41 MP: 6/6
  3473 | D:3      | Found a faded altar of an unknown god.
  3621 | D:4      | Found a hide-covered altar of Uskayaw.
  3625 | D:4      | Found a hazy altar of Hepliaklqana.
  3685 | D:4      | Reached skill level 5 in Maces & Flails
  3715 | D:4      | Found a large runed translucent door.
  3716 | D:4      | Found a large runed translucent door.
  3735 | D:4      | Found a sand-covered staircase.
  3739 | Ossuary  | Entered an ossuary
  3862 | Ossuary  | Reached XP level 7. HP: 42/47 MP: 7/7
  4498 | D:4      | Found a sparkling altar of Nemelex Xobeh.
  4526 | D:4      | Noticed Mryle's ghost (novice GnWn)
  4566 | D:5      | Entered Level 5 of the Dungeon
  4592 | D:5      | Reached skill level 6 in Maces & Flails
  4664 | D:5      | Found a white marble altar of Elyvilon.
  4894 | D:5      | Found a snail-covered altar of Cheibriados.
  4906 | D:5      | Reached XP level 8. HP: 51/53 MP: 8/8
  5169 | D:5      | Reached skill level 7 in Maces & Flails
  5530 | D:6      | Noticed Menkaure
  5541 | D:6      | Killed Menkaure
  5985 | D:6      | Found a glowing drain.
  5991 | Sewer    | Entered a sewer
  6419 | Sewer    | Reached skill level 8 in Maces & Flails
  6629 | Sewer    | Reached XP level 9. HP: 23/60 MP: 9/9
  7621 | D:6      | Reached skill level 10 in Fighting
  7855 | D:6      | Reached skill level 9 in Maces & Flails
  8217 | D:7      | Noticed Dowan
  8217 | D:7      | Noticed Duvessa
  8241 | D:7      | Killed Dowan
  8243 | D:7      | Killed Duvessa
  8493 | D:7      | Found a staircase to the Ecumenical Temple.
  8537 | D:7      | Found a bloodstained altar of Trog.
  8545 | D:7      | Found a stormy altar of Qazlal.
  8581 | Temple   | Entered the Ecumenical Temple
  8787 | Temple   | Became a worshipper of Warmaster Okawaru
  8840 | D:7      | Noticed Pikel
  8860 | D:6      | Killed Pikel
  8860 | D:6      | Reached XP level 10. HP: 69/69 MP: 10/10
  8904 | D:7      | Reached skill level 10 in Maces & Flails
  8932 | D:7      | Found a bloodstained altar of Trog.
  9866 | D:8      | Noticed a two-headed ogre
  9892 | D:8      | Killed a two-headed ogre
  9892 | D:8      | Reached * piety under Okawaru
 10040 | D:8      | Found an ancient bone altar of Kikubaaqudgha.
 10040 | D:8      | Found a blossoming altar of Fedhas.
 10069 | D:8      | Found a glowing silver altar of Zin.
 10447 | D:9      | Reached skill level 11 in Maces & Flails
 10609 | D:9      | Found a staircase to the Lair.
 10704 | D:9      | Noticed a two-headed ogre
 10718 | D:9      | Killed a two-headed ogre
 10718 | D:9      | Reached ** piety under Okawaru
 11010 | D:10     | Entered Level 10 of the Dungeon
 11466 | D:10     | Reached XP level 11. HP: 75/76 MP: 11/11
 12347 | D:10     | Reached *** piety under Okawaru
 12564 | D:11     | Found a staircase to the Orcish Mines.
 12627 | D:10     | Reached skill level 12 in Maces & Flails
 13857 | D:12     | Noticed an eight-headed hydra
 13905 | Lair:1   | Entered Level 1 of the Lair of Beasts
 13984 | Lair:1   | Reached **** piety under Okawaru
 14279 | Lair:1   | Got a vibrating wooden ring
 14327 | Lair:1   | Noticed Gastronok
 14683 | Lair:1   | Found a dark tunnel.
 14692 | Volcano  | Entered a volcano
 15144 | Volcano  | Noticed a skeletal warrior
 15182 | Volcano  | Killed a skeletal warrior
 15182 | Volcano  | Reached skill level 13 in Maces & Flails
 15385 | Volcano  | Noticed a skeletal warrior
 15409 | Volcano  | Killed a skeletal warrior
 15409 | Volcano  | Reached ***** piety under Okawaru
 15409 | Volcano  | Reached XP level 12. HP: 69/86 MP: 10/12
 15864 | Lair:1   | Identified a scroll of acquirement
 15865 | Lair:1   | Identified the ring of Reiblael {rPois Str+6 Dex+3} (You
                  | found it on level 1 of the Lair of Beasts)
 16120 | Lair:1   | Killed Gastronok
 16120 | Lair:1   | Reached skill level 14 in Maces & Flails
 16120 | Lair:1   | Reached skill level 5 in Shields
 16851 | Lair:1   | Noticed Nergalle
 17041 | Lair:1   | Killed Nergalle
 17041 | Lair:1   | Received a gift from Okawaru
 17456 | Lair:2   | Noticed Fannar
 17472 | Lair:2   | Killed Fannar
 17472 | Lair:2   | Reached skill level 15 in Maces & Flails
 17587 | Lair:2   | Found a runed translucent gate.
 17588 | Lair:2   | Found a runed translucent gate.
 17593 | Lair:2   | Found a runed translucent gate.
 18104 | Lair:2   | Noticed DocSulfur's ghost (journeyman DECj)
 18292 | Lair:2   | Noticed a ten-headed hydra
 18311 | Lair:2   | Killed a ten-headed hydra
 18311 | Lair:2   | Received a gift from Okawaru
 18323 | Lair:2   | Killed DocSulfur's ghost
 18323 | Lair:2   | Reached XP level 13. HP: 91/91 MP: 6/13
 18327 | Lair:2   | Got a masterwork demon trident {god gift}
 18342 | Lair:2   | Identified the +2 demon trident of Atuek {elec, *Rage rPois
                  | rN+} (Okawaru gifted it to you on level 2 of the Lair of
                  | Beasts)
 18423 | Lair:2   | Reached skill level 16 in Maces & Flails
 18860 | Lair:3   | Reached skill level 17 in Maces & Flails
 18860 | Lair:3   | Reached skill level 10 in Shields
 19034 | Lair:3   | Got a spiked scale mail
 19045 | Lair:3   | Identified the cursed +1 scale mail of Izuu {rElec MP+9
                  | Int+5 Dex-4} (You found it on level 3 of the Lair of
                  | Beasts)
 19214 | Lair:3   | Found a hole to the Spider Nest.
 19428 | Lair:3   | Received a gift from Okawaru
 19791 | Lair:4   | Found a staircase to the Shoals.
 20093 | Lair:4   | Reached ****** piety under Okawaru
 20805 | Lair:5   | Reached skill level 18 in Maces & Flails
 20813 | Lair:5   | Gained mutation: Your large and strong wings let you fly
                  | indefinitely. [Gargoyle growth]
 20813 | Lair:5   | Reached XP level 14. HP: 96/96 MP: 14/14
 20916 | Lair:5   | Got the +10 demon whip "Uthop" {freeze, Fragile MR+ Dex+7}
 21381 | Lair:5   | Noticed Kirke
 21395 | Lair:5   | Killed Kirke
 21578 | Lair:6   | Entered Level 6 of the Lair of Beasts
 21639 | Lair:6   | Noticed Rupert
 21670 | Lair:5   | Killed Rupert
 21670 | Lair:5   | Received a gift from Okawaru
 21670 | Lair:5   | Reached skill level 5 in Armour
 22104 | Lair:6   | Found a staircase to the Slime Pits.
 22570 | Lair:6   | Noticed a dire elephant
 22583 | Lair:6   | Killed a dire elephant
 22733 | Lair:6   | Received a gift from Okawaru
 23483 | Orc:1    | Entered Level 1 of the Orcish Mines
 23533 | Orc:1    | Noticed a stone giant
 23833 | D:11     | Killed a stone giant
 24238 | Orc:2    | Entered Level 2 of the Orcish Mines
 24358 | Orc:2    | Found a roughly hewn altar of Beogh.
 24557 | Orc:2    | Reached XP level 15. HP: 101/101 MP: 15/15
 24724 | Orc:2    | Found a staircase to the Elven Halls.
 25084 | Orc:2    | Found Zaopocui's Weapon Shop.
 25084 | Orc:2    | Found Moegh's Antique Weapon Emporium.
 25086 | Orc:2    | Found Had Kal's Assorted Antiques.
 25088 | Orc:2    | Found Lealidon's Weapon Boutique.
 25095 | Orc:2    | Bought a pair of glowing boots for 172 gold pieces
 25095 | Orc:2    | Bought a glittering amber ring for 115 gold pieces
 25105 | Orc:2    | Bought a twisted gold wand for 92 gold pieces
 25107 | Orc:2    | Identified the ring of Omustrum {Wiz rC+} (You bought it in
                  | a shop on level 2 of the Orcish Mines)
 25447 | D:12     | Noticed Erolcha
 25453 | D:12     | Killed Erolcha
 25513 | D:12     | You are sucked into a shaft and drop 3 floors!
 25513 | D:15     | Entered Level 15 of the Dungeon
 25615 | D:15     | Reached skill level 10 in Armour
 25616 | D:15     | Found a staircase to the Depths.
 25968 | D:14     | Received a gift from Okawaru
 25985 | D:14     | Found a gate to the Vaults.
 26022 | D:14     | Found a flickering gateway to a bazaar.
 26039 | Bazaar   | Entered a bazaar
 26039 | Bazaar   | Found Yselor's General Store.
 26042 | Bazaar   | Found Hewn's Antique Armour Emporium.
 26046 | Bazaar   | Bought a scroll of silence for 60 gold pieces
 26051 | Bazaar   | Bought a pair of jewelled boots for 247 gold pieces
 26051 | Bazaar   | Bought a heavily runed chain mail for 247 gold pieces
 26051 | Bazaar   | Bought a shiny buckler for 195 gold pieces
 26051 | Bazaar   | Found Ogip's Weapon Shop.
 26078 | Bazaar   | Found Pamas's Antique Armour Boutique.
 26081 | Bazaar   | Found Joubly's Book Boutique.
 26115 | Bazaar   | Identified the +3 chain mail of the Playwright {rF- MR+++
                  | Int+6} (You bought it in a shop in a bazaar)
 26125 | Bazaar   | Identified the +1 pair of boots of Mat Xyrph {Stlth+} (You
                  | bought it in a shop in a bazaar)
 26142 | Bazaar   | Bought a book of Spatial Translocations for 780 gold pieces
 26178 | D:14     | Learned a level 2 spell: Blink
 26182 | D:14     | Learned a level 3 spell: Lesser Beckoning
 26186 | D:14     | Learned a level 2 spell: Song of Slaying
 26348 | D:14     | Reached skill level 1 in Invocations
 26359 | D:14     | Reached skill level 1 in Spellcasting
 27087 | D:13     | Slain by an enormous slime creature

Illustrated notes

Levels and vault maps discovered:
D:1:      dpeg_arrival_chambers_temple_mockup, layout_loops_ring,
          grunt_decor_arrowhead, minmay_crystal_water, minivault_25
D:2:      layout_loops_corners, lemuel_blue_sif_altar, nrook_mini_vaults,
          uniq_natasha
D:3:      lemuel_upstairs_altar, layout_loops_cross, overflow_temple_1_default,
          chequers_ecumenical_altar_grove, first_ration,
          minmay_fractal_squares_diagonal_5
D:4:      layout_rooms, kennysheep_mini_moat, nicolae_overflow_crystal_walls,
          overflow_temple_1_default, ebering_ghost_disaster_area,
          enter_ossuary_5
D:5:      layout_loops_ring, slow_altar_2, elyvilon_altar_4,
          minmay_fractal_squares_5
D:6:      layout_gridville, portal_sewer_entry_e, kennysheep_generic_room_3,
          uniq_menkaure
D:7:      layout_basic, chequers_temple_overflow_statue_of_worship,
          minmay_temple_entry_drinking_statues, grunt_ogre_cave,
          trog_ov_bears_minmay, uniq_pikel, uniq_duvessa
D:8:      layout_rooms, grunt_temple_overflow_growth_and_decay, zin_scriptorium
D:9:      layout_cave_pools, lair_entry_dummy, minmay_misc_feat_roman
D:10:     layout_roguey
D:11:     layout_cave_pools, zombieorc2_lemuel
D:12:     layout_long_grid, roderic_roman_lattice, hangedman_cracks_in_the_wall,
          uniq_erolcha, uniq_sonja
D:13:     layout_rooms, serial_curves, eino_curves_02, eino_curves_04,
          portal_ice_cave_demonic_guard, serial_shops, shop
D:14:     layout_cave_pods, david_vaults_5, hangedman_decor_growths,
          serial_shops, bzr_in_the_mist
D:15:     hangedman_depths_entry_civil_slaughter, layout_grid_maze,
          minmay_misc_feat_iff, uniq_roxanne
Temple:   dpeg_chambers_temple
Lair:1:   layout_chaotic_city, nicolae_volcano_entry_lava_flow,
          serial_bayou_shore_b, uniq_gastronok, uniq_nergalle
Lair:2:   layout_small_grid, special_room [special_room_bee],
          gammafunk_ghost_hydra_chop, uniq_fannar
Lair:3:   layout_regular_city, dummy_spider_entry,
          nicolae_lair_grove_arrangements, lemuel_fruit_fields,
          grunt_megastairs_3
Lair:4:   layout_loops_ring, minmay_shoals_entry_hut, grunt_megastairs_1
Lair:5:   wad_woods_04, layout_hall_layers, uniq_kirke
Lair:6:   gammafunk_lair_ancient_temple, layout_regular_city,
          minmay_slime_entry_oklob_open, uniq_rupert
Orc:1:    layout_diamond_mine
Orc:2:    st_orc_rangers, layout_caves, basic_altar

Skill      XL: |  1  2  3  4  5  6  7  8  9 10 11 12 13 14 15 |
---------------+----------------------------------------------+-----
Fighting       | 4 5 6 7 9 11 12 14 | 14.5
Maces & Flails | 3 4 5 6 8 9 11 13 15 18 | 18.1
Shields        | 8 11 13 14 | 14.8
Armour         | 8 10 | 10.5
Invocations    | 1 |  1.4
Spellcasting   | 1 |  1.1

Action                   |  1- 3 |  4- 6 |  7- 9 | 10-12 | 13-15 || total
-------------------------+-------+-------+-------+-------+-------++-------
Melee: Flail             |    96 |   262 |   742 |       |       ||  1100
       Whip              |       |       |       |  1067 |       ||  1067
       Mace              |       |       |       |   168 |       ||   168
       Morningstar       |       |       |       |   181 |   302 ||   483
       Demon whip        |       |       |       |       |   631 ||   631
Throw: Dart              |    17 |    28 |    53 |    32 |    45 ||   175
 Cast: Song of Slaying   |       |       |       |       |     1 ||     1
Invok: Heroism           |       |       |       |     5 |     1 ||     6
       Finesse           |       |       |       |     1 |       ||     1
 Abil: Fly               |       |       |       |       |     1 ||     1
       Stop Flying       |       |       |       |       |     1 ||     1
Evoke: Wand              |       |       |       |    10 |     3 ||    13
  Use: Scroll            |       |     5 |     7 |     9 |    17 ||    38
       Potion            |       |       |     1 |     2 |     2 ||     5
 Stab: Confused          |       |       |       |     3 |       ||     3
  Eat: Chunk             |     2 |     7 |    15 |    25 |    18 ||    67
       Ration            |       |       |     1 |     5 |     2 ||     8
Armor: Scale mail        |    74 |   106 |   495 |   379 |       ||  1054
       Plate armour      |       |       |       |   207 |   412 ||   619
       Chain mail        |       |       |       |       |    20 ||    20
Dodge: Dodged            |    53 |    81 |   562 |   725 |   320 ||  1741
Block: Kite shield       |    75 |   123 |   461 |       |       ||   659
       Buckler           |       |       |    27 |   637 |   494 ||  1158
       Reflection        |       |       |       |    10 |    60 ||    70
